 Dungeon Crawl Stone Soup version 0.20.0-15-g7f486f2 (webtiles) character file.

130 QuCean the Firebug (level 4, 0/33 HPs)
             Began as a Draconian Fire Elementalist on June 11, 2017.
             Slain by an orc priest
             ... wielding a +2 hand axe of freezing
              (3 damage)
             ... on level 3 of the Dungeon.
             The game lasted 00:09:45 (2802 turns).

QuCean the Firebug (Draconian Fire Elementalist)    Turns: 2802, Time: 00:09:47

Health: 0/33       AC:  6    Str: 10    XL:     4   Next: 89%
Magic:  4/7        EV: 12    Int: 16    God:
Gold:   52         SH:  0    Dex: 12    Spells: 2/8 levels left

rFire    . . .     SeeInvis .   i - +2 dagger (venom)
rCold    . . .     Gourm    .   (no shield)
rNeg     . . .     Faith    .   (armour unavailable)
rPois    .         Spirit   .   (helmet restricted)
rElec    .         Reflect  .   (no cloak)
rCorr    .         Harm     .   e - +0 pair of gloves
MR       .....                  (no boots)
Stlth    ++........             (no amulet)
Regen    0.2/turn               (no ring)
MPRegen  0.1/turn               (no ring)

@: slowed, very slow
A: unfitting armour, cold-blooded, AC +5
a: no special abilities


You were on level 3 of the Dungeon.
You were not hungry.

You visited 1 branch of the dungeon, and saw 3 of its levels.

You collected 52 gold pieces.

Inventory:

Hand Weapons
 i - a +2 dagger of venom (weapon)
Armour
 e - a +0 pair of gloves (worn)
Potions
 g - 2 potions of ambrosia {unknown}
 n - 2 potions of might {unknown}
 o - a potion of heal wounds {unknown}
 q - 2 potions of agility {unknown}
Books
 a - a book of Flames

   Spells                             Type                      Level
   a - Flame Tongue                   Conjuration/Fire             1
   b - Throw Flame                    Conjuration/Fire             2
   c - Conjure Flame                  Conjuration/Fire             3
   d - Inner Flame                    Hexes/Fire                   3
   e - Sticky Flame                   Conjuration/Fire             4
   f - Fireball                       Conjuration/Fire             5
Comestibles
 b - a bread ration
 c - 3 fruits
 d - 4 royal jellies
 f - 2 meat rations
 h - 2 chunks of flesh


   Skills:
 + Level 0.2 Fighting
 * Level 1.1 Short Blades
 + Level 2.4 Dodging
 + Level 2.1 Stealth
 + Level 0.8 Unarmed Combat
 + Level 2.6 Spellcasting
 + Level 2.0 Conjurations
 + Level 3.8 Fire Magic


You had 2 spell levels left.
You knew the following spells:

 Your Spells              Type           Power        Failure   Level  Hunger
a - Flame Tongue          Conj/Fire      ##...        6%          1    #......
b - Throw Flame           Conj/Fire      ##....       9%          2    ##.....
c - Conjure Flame         Conj/Fire      ##......     17%         3    ###....


Dungeon Overview and Level Annotations

Branches:
Dungeon (3/15)

Altars:
Trog


Innate Abilities, Weirdness & Mutations

Your plain brown scales are hard. (AC +5)
You cannot fit into any form of body armour.
You are cold-blooded and may be slowed by cold attacks.


Message History

Casting: Flame Tongue
Confirm with . or Enter, or press ? or * to list all spells.
Aiming: Flame Tongue
Press: ? - help, Shift-Dir - straight line, f/p - orc priest
Aim: an orc priest, wielding a hand axe of freezing The flame tongue hits the orc priest.
The orc priest is severely wounded.
The orc priest barely misses you.
You closely miss the orc priest.
The orc priest is severely wounded.
The orc priest hits you with a hand axe of freezing!
The orc priest freezes you.
* * * LOW HITPOINT WARNING * * *
You hit the orc priest.
The orc priest is poisoned.
The orc priest is almost dead.
The hobgoblin closely misses you.
The orc priest hits you with a hand axe of freezing.
* * * LOW HITPOINT WARNING * * *
You feel yourself slow down. The orc priest freezes you.
You die...

..... ###.#.# .
.... #####...#.#
.. . #.......#.#
... ....
#.......'.#
....(
#.......###
......#...#####
......#...######
......#.........
......#@........
......go........
................
................
......#.........
......)).#######
...w.....#
.........#
......####


You could see an orc priest, a dart slug and a hobgoblin.

Vanquished Creatures
  An orc wizard (D:3)
  5 adders
  2 worms (D:2)
  The ghost of dscm the Sneak, a weakling DsAs (D:3)
  A dart slug (D:1)
  A leopard gecko (D:2)
  6 orcs
  A ball python (D:1)
  4 bats
  3 giant cockroaches
  5 hobgoblins
  7 frilled lizards (D:2)
  3 goblins
  5 kobolds
  A rat (D:3)
46 creatures vanquished.

Vanquished Creatures (others)
  A giant cockroach (D:1)
  A goblin (D:1)
2 creatures vanquished.

Grand Total: 48 creatures vanquished

Notes
Turn   | Place    | Note
-------+----------+-------------------------------------------
     0 | D:1      | QuCean the Draconian Fire Elementalist began the quest for the Orb.
     0 | D:1      | Reached XP level 1. HP: 14/14 MP: 3/3
   657 | D:1      | Reached XP level 2. HP: 20/20 MP: 3/5
   786 | D:1      | Reached XP level 3. HP: 13/26 MP: 1/6
  1646 | D:2      | Found a bloodstained altar of Trog.
  1706 | D:2      | Learned a level 2 spell: Throw Flame
  1712 | D:2      | Learned a level 3 spell: Conjure Flame
  2333 | D:3      | Noticed dscm's ghost (weakling DsAs)
  2345 | D:3      | Killed dscm's ghost
  2523 | D:3      | Reached skill level 1 in Short Blades
  2523 | D:3      | Reached XP level 4. HP: 25/33 MP: 3/7
  2802 | D:3      | Slain by an orc priest

Skill      XL: |  1  2  3  4 |
---------------+-------------+-----
Dodging        | 2 |  2.4
Short Blades   | 1 |  1.1
Stealth        | 2 |  2.1
Conjurations   | 2 |  2.0
Fighting       | |  0.2
Unarmed Combat | |  0.8
Spellcasting   | |  2.6
Fire Magic     | |  3.8

Action                   |  1- 3 |  4- 6 || total
-------------------------+-------+-------++-------
Melee: Unarmed           |    45 |       ||    45
       Tailslap          |     5 |       ||     5
       Dagger            |     7 |     7 ||    14
 Cast: Flame Tongue      |    60 |    26 ||    86
  Use: Scroll            |     7 |       ||     7
  Eat: Chunk             |     3 |       ||     3
       Bread ration      |     1 |       ||     1
Armor: Skin              |    32 |     7 ||    39
Dodge: Dodged            |    59 |    17 ||    76
